 Dungeon Crawl Stone Soup version 0.31-a0-1059-g83d41fd8b6 (webtiles) character file.

Game seed: 16615114463915365280

289 Gumption the Magician (level 6, -3/45 HPs)
             Began as a Djinni Fire Elementalist on Nov 21, 2023.
             Slain by a killer bee (7 damage)
             ... on level 4 of the Dungeon.
             The game lasted 00:31:09 (3774 turns).

Gumption the Magician (Djinni Fire Elementalist)    Turns: 3774, Time: 00:31:10

Health: -3/45      AC:  4    Str:  7    XL:     6   Next: 58%
Gold:   5          EV: 13    Int: 18    God:
                   SH:  0    Dex: 16

rFire   + + +        c - +0 dagger
rCold   . . .        (no shield)
rNeg    + . .        s - +2 robe of Filigreed Curiosity {rC+ MP+9 Dex+2}
rPois   ∞            (no helmet)
rElec   .            (no cloak)
rCorr   .            (no gloves)
SInv    .            (boots unavailable)
Will    .....        (no amulet)
Stlth   ++           n - ring of protection from fire
HPRegen 0.27/turn    f - ring of positive energy
MPRegen 0.00/turn

%: infuse magic (-4 HP)
@: flying
A: sickness immunity, fire resistance 2, cold vulnerability 1, float, innate
caster, HP casting, extra vitality 1
a: no special abilities


You were on level 4 of the Dungeon.
You visited 1 branch of the dungeon, and saw 4 of its levels.

You collected 159 gold pieces.
You spent 154 gold pieces at shops.

Inventory:

Hand Weapons
 c - a +0 dagger (weapon)
Missiles
 l - a throwing net
 o - 12 poisoned darts
Armour
 s - the +2 robe of Filigreed Curiosity (worn) {rC+ MP+9 Dex+2}
   (You bought it in a shop on level 2 of the Dungeon)

   Dex+2:     It affects your dexterity (+2).
   rC+:       It protects you from cold.
   MP+9:      It affects your magic capacity (+9).
Jewellery
 f - a ring of positive energy (right hand)
 n - a ring of protection from fire (left hand)
Talismans
 t - a granite talisman
Wands
 m - a wand of flame (22)
Scrolls
 b - a scroll of teleportation {unknown}
 j - a scroll of identify {unknown}
 k - a scroll of summoning {unknown}
 q - a scroll of vulnerability {unknown}
 r - a scroll of fear {unknown}
Potions
 d - a potion of haste {unknown}
 e - a potion of brilliance {unknown}
 g - a potion of degeneration {unknown}
 h - 2 potions of curing {unknown}
 i - 2 potions of berserk rage {unknown}
 p - a potion of enlightenment {unknown}


   Skills:
 + Level 2.8 Fighting
 + Level 4.0 Dodging
 - Level 1.5 Stealth
 * Level 4.4 Spellcasting
 * Level 4.4 Conjurations
 * Level 4.4 Hexes
   Level 0.0 Charms
 * Level 4.4 Summonings
 * Level 4.4 Necromancy
 * Level 4.4 Translocations
 * Level 4.4 Transmutations
 * Level 4.4 Fire Magic
 * Level 4.4 Ice Magic
 * Level 4.4 Air Magic
 * Level 4.4 Earth Magic
 * Level 4.4 Poison Magic


You knew the following spells:

 Your Spells              Type           Power      Damage    Failure   Level
a - Foxfire               Conj/Fire      76%        2x1d7     2%          1
b - Scorch                Fire           38%        2d6       3%          2
c - Volatile Blastmotes   Fire/Tloc      38%        2d13      7%          3
d - Inner Flame           Hex/Fire       19%        N/A       7%          3
e - Flame Wave            Conj/Fire      19%        2d7       22%         4
f - Magic Dart            Conj           76%        1d6       2%          1
g - Wereblood             Tmut           19%        N/A       3%          2
Your spell library was empty.

Dungeon Overview and Level Annotations

Branches:
Dungeon (4/15)
 Temple: D:4-7

Altars:

Shops:
D:2 *


Innate Abilities, Weirdness & Mutations

You are immune to sickness and miasma.
You are immune to poison.
Your flesh is very heat resistant. (rF++)
You are vulnerable to cold. (rC-)
You float through the air rather than walking.
You learn spells naturally, not from books.
Your magical power is your life essence.
You have superior vitality. (+4 MHP)


Message History

Confirm with . or Enter, or press ? or * to list all spells.
Aiming: Magic Dart (safe; 2% risk of failure)
Press: ? - help, Shift-Dir - straight line, f - killer bee
Aim: a killer bee (moderately wounded, 100% to hit)
The magic dart hits the killer bee.
The killer bee is moderately wounded.
* * * LOW HITPOINT WARNING * * *
The killer bee stings you.
* * * LOW HITPOINT WARNING * * *
The killer bee barely misses you.
Casting: Magic Dart (safe; 2% risk of failure)
Confirm with . or Enter, or press ? or * to list all spells.
Aiming: Magic Dart (safe; 2% risk of failure)
Press: ? - help, Shift-Dir - straight line, f/p - killer bee
Aim: a killer bee (moderately wounded, 100% to hit)
The magic dart hits the killer bee.
The killer bee is heavily wounded.
* * * LOW HITPOINT WARNING * * *
The killer bee closely misses you. x2
Casting: Magic Dart (safe; 2% risk of failure)
Confirm with . or Enter, or press ? or * to list all spells.
Aiming: Magic Dart (safe; 2% risk of failure)
Press: ? - help, Shift-Dir - straight line, f/p - killer bee
Aim: a killer bee (heavily wounded, 100% to hit)
The magic dart hits the killer bee.
The killer bee is severely wounded.
* * * LOW HITPOINT WARNING * * *
The killer bee completely misses you.
The killer bee stings you but does no damage.
Casting: Magic Dart (safe; 2% risk of failure)
Confirm with . or Enter, or press ? or * to list all spells.
Aiming: Magic Dart (safe; 2% risk of failure)
Press: ? - help, Shift-Dir - straight line, f/p - killer bee
Aim: a killer bee (severely wounded, 100% to hit)
The magic dart hits the killer bee.
The killer bee is almost dead.
* * * LOW HITPOINT WARNING * * *
The killer bee is no longer more vulnerable to fire.
The killer bee barely misses you. The killer bee stings you!
You die...

### #<#
#.# #.#
#.######
#.@yyy.#
####y..#
###


You could see 4 killer bees.

Vanquished Creatures
  A killer bee (D:4)
  Terence (D:2)
  8 gnolls
  5 adders
  3 worms
  A dart slug (D:2)
  4 orcs (D:3)
  4 ball pythons
  11 endoplasms
  6 giant cockroaches
  4 goblins
  10 hobgoblins
  4 jackals (D:1)
  3 kobolds
  3 quokkas
  6 bats
  4 frilled lizards
  4 rats
82 creatures vanquished.

Vanquished Creatures (others)
  167 foxfires
167 creatures vanquished.

Grand Total: 249 creatures vanquished

Notes
Turn   | Place    | Note
-------+----------+-------------------------------------------
     0 | D:1      | Gumption the Djinni Fire Elementalist began the quest for
                  | the Orb.
     0 | D:1      | Gumption set off with the following spells memorised:
                  | Foxfire, Scorch, Volatile Blastmotes, Inner Flame, Flame
                  | Wave.
     0 | D:1      | Reached XP level 1. HP: 15/15 MP: 0/0
   182 | D:1      | Reached XP level 2. HP: 7/22 MP: 0/0
   419 | D:1      | Reached XP level 3. HP: 12/26 MP: 0/0
   419 | D:1      | Learned a level 1 spell: Magic Dart
   592 | D:1      | Reached skill level 1 in Fighting
  1401 | D:2      | Reached XP level 4. HP: 31/32 MP: 0/0
  1878 | D:2      | Found Totoux's Assorted Antiques.
  1899 | D:2      | Reached XP level 5. HP: 35/38 MP: 0/0
  1899 | D:2      | Learned a level 2 spell: Wereblood
  1899 | D:2      | Bought a scroll labelled ZOVUAZ OCROL for 20 gold pieces
  1899 | D:2      | Bought a scroll labelled RIKU KIKAO for 20 gold pieces
  1919 | D:2      | Noticed Terence
  1932 | D:2      | Killed Terence
  2956 | D:3      | Reached XP level 6. HP: 33/45 MP: 0/0
  3240 | D:2      | Bought a spiked robe for 114 gold pieces
  3240 | D:2      | Identified the +2 robe of Filigreed Curiosity {rC+ MP+9
                  | Dex+2} (You bought it in a shop on level 2 of the Dungeon)
  3774 | D:4      | Slain by a killer bee

Illustrated notes

Levels and vault maps discovered:
D:1:      lightli_arrival_chessboard, layout_loops_corners
D:2:      layout_loops_ring, serial_shops, shop, hangedman_decor_opposing,
          uniq_terence
D:3:      layout_loops_cross, wad_orctagon
D:4:      layout_basic, minmay_temple_entry_tees, uniq_ijyb

Skill      XL: |  1  2  3  4  5  6 |
---------------+-------------------+-----
Spellcasting   | 4 |  4.4
Conjurations   | 4 |  4.4
Hexes          | 4 |  4.4
Summonings     | 4 |  4.4
Necromancy     | 4 |  4.4
Translocations | 4 |  4.4
Transmutations | 4 |  4.4
Fire Magic     | 4 |  4.4
Ice Magic      | 4 |  4.4
Air Magic      | 4 |  4.4
Earth Magic    | 4 |  4.4
Poison Magic   | 4 |  4.4
Fighting       | 1 2 |  2.8
Dodging        | 3 4 |  4.0
Stealth        | |  1.5

Action                     |  1- 3 |  4- 6 || total
---------------------------+-------+-------++-------
  Melee: Dagger            |     7 |       ||     7
   Cast: Foxfire           |    30 |    77 ||   107
         Scorch            |    16 |    32 ||    48
         Magic Dart        |       |     7 ||     7
         Wereblood         |       |     1 ||     1
    Use: Scroll            |       |     1 ||     1
 Armour: Robe              |    15 |    30 ||    45
  Dodge: Dodged            |    21 |    61 ||    82

Table legend: (Time is in decaauts)
 A = Elapsed time spent in this place.
 B = Non-inter-level travel time spent in this place.
 C = Inter-level travel time spent in this place.
 D = Time resting spent in this place.
 E = Time spent auto-exploring this place.
 F = Levels seen in this place.
 G = Mean time per level.
                   A        B        C        D        E       F      G
               +--------+--------+--------+--------+--------+-----+--------+
         Total |   3773 |   3642 |    131 |    753 |   1400 |   4 |  943.2 |
       Dungeon |   3773 |   3642 |    131 |    753 |   1400 |   4 |  943.2 |
               +--------+--------+--------+--------+--------+-----+--------+

Top non-repeatable levels by time:
     D:3: 1397 daAuts
     D:1: 1367 daAuts
     D:2: 992 daAuts
     D:4: 15 daAuts
